 Dungeon Crawl Stone Soup version 0.21-a0-442-g848f44b (webtiles) character file.

34 Gorice the Skirmisher (level 3, 0/29 HPs)
             Began as a Demonspawn Wanderer on Nov 12, 2017.
             Slain by a centaur (3 damage)
             ... on level 3 of the Dungeon.
             The game lasted 00:04:21 (1646 turns).

Gorice the Skirmisher (Demonspawn Wanderer)         Turns: 1646, Time: 00:04:22

Health: 0/29       AC:  6    Str: 14    XL:     3   Next: 14%
Magic:  3/3        EV: 10    Int: 14    God:
Gold:   86         SH:  0    Dex: 14    Spells: 2/2 levels left

rFire    + . .     SeeInvis .   a - +3 mace
rCold    + . .     Gourm    .   (no shield)
rNeg     . . .     Faith    .   q - +1 ring mail
rPois    .         Spirit   .   (no helmet)
rElec    .         Reflect  .   n - scarf {rC+ rF+}
rCorr    .         Harm     .   (no gloves)
MR       .....                  (no boots)
Stlth    +.........             i - amulet of inaccuracy (curse)
HPRegen  0.09/turn              v - +4 ring of intelligence
MPRegen  0.08/turn              (no ring)

@: no status effects
A: claws 1
a: no special abilities


You were on level 3 of the Dungeon.
You were not hungry.

You visited 1 branch of the dungeon, and saw 3 of its levels.

You collected 86 gold pieces.

Inventory:

Hand Weapons
 a - a +3 mace (weapon)
Missiles
 j - 38 sling bullets
 u - 19 bolts
 Y - 5 stones (quivered)
Armour
 d - a +0 robe
 m - a +0 hat
 n - a scarf of resistance (worn)
   (You found it on level 1 of the Dungeon)
 q - a +1 ring mail (worn)
Jewellery
 i - a cursed amulet of inaccuracy (around neck)
 s - an uncursed ring of ice
 v - a +4 ring of intelligence (left claw)
Scrolls
 e - a scroll of enchant weapon
 w - a scroll of fog
Potions
 b - 3 potions of curing
 c - 3 potions of lignification {!q}
 g - a potion of flight {unknown}
 h - a potion of haste {!q}
 k - a potion of invisibility {!q}
 l - a potion of mutation {unknown}
 r - a potion of resistance {unknown}
Comestibles
 f - 2 bread rations {!e}
 o - a meat ration {!e}
 p - a royal jelly
 t - a chunk of flesh


   Skills:
 - Level 3.0 Fighting
 - Level 2.5(2.6) Maces & Flails
   Level 1.0(1.9) Staves
 - Level 1.0 Throwing
 + Level 1.3 Armour
 - Level 1.0 Dodging
 * Level 1.5 Unarmed Combat
   Level 1.0 Evocations


You had 2 spell levels left.
You didn't know any spells.

Dungeon Overview and Level Annotations

Branches:
Dungeon (3/15)

Altars:


Innate Abilities, Weirdness & Mutations

You have sharp fingernails.


Message History

There is a stone staircase leading down here.
v - a scratched marble ring Put on which piece of jewellery? (? for menu, Esc to quit)
You feel clever.
v - a +4 ring of intelligence (left claw) Some of the chunks of flesh in your inventory have rotted away.
A kobold comes into view. It is wielding a club.
The kobold barely misses you.
You miss the kobold. The kobold closely misses you.
You hit the kobold.
You kill the kobold!
No target in view!
No target in view!
Put on which piece of jewellery? (? for menu, Esc to quit)
Okay, then.
A centaur comes into view.
The centaur shouts!
The centaur wields a shortbow.
The centaur shoots an arrow.
The arrow hits you.
You see here an arrow.
Damage: 4 (max 4)
The centaur shoots an arrow.
The arrow hits you!
* * * LOW HITPOINT WARNING * * *
You see here an arrow.
The centaur shoots an arrow.
The arrow barely misses you.
You see here an arrow.
Damage: 13 (max 13)
The centaur shoots an arrow.
The arrow closely misses you.
You start resting.
You are too injured to fight recklessly!
You are too injured to fight recklessly!
You are too injured to fight recklessly!
You are too injured to fight recklessly!
You are too injured to fight recklessly!
You are too injured to fight recklessly!
The centaur shoots an arrow.
The arrow barely misses you.
The centaur unwields an uncursed shortbow.
The centaur hits you.
* * * LOW HITPOINT WARNING * * *
The centaur closely misses you.
Damage: 1 (max 1)
You hit the centaur.
The centaur is moderately wounded.
The centaur hits you.
* * * LOW HITPOINT WARNING * * *
The centaur hits you!
* * * LOW HITPOINT WARNING * * *
You closely miss the centaur.
The centaur is moderately wounded.
The centaur hits you.
You die...

##.######
........#
###########
##.####.#
#.........#
......#.#
#.#######.#
#.###.#.# #.# #.#
#.....#.###.#
####.#
#######.....#
#....# #
#############c####
#
.......(..((.@..#
#############.#.#
#.....)..(..#
#.#####.###.#
#.#########.#
#...........#
#############


You could see a centaur.

Vanquished Creatures
  A worm (D:2)
  2 leopard geckos (D:2)
  6 bats
  3 giant cockroaches
  A goblin (D:2)
  A hobgoblin (D:1)
  2 jackals (D:2)
  5 kobolds
  2 frilled lizards (D:2)
  5 rats
28 creatures vanquished.

Notes
Turn   | Place    | Note
-------+----------+-------------------------------------------
     0 | D:1      | Gorice the Demonspawn Wanderer began the quest for the Orb.
     0 | D:1      | Gorice set off with: a +2 mace, a potion of curing, a potion of lignification {!q}, a +0 robe, a bread ration {!e}
     0 | D:1      | Reached XP level 1. HP: 18/18 MP: 1/1
    82 | D:1      | Reached skill level 2 in Maces & Flails
   293 | D:1      | Gained mutation: You have sharp fingernails. [demonic ancestry]
   293 | D:1      | Reached XP level 2. HP: 16/24 MP: 2/2
   681 | D:2      | HP: 5/24 [leopard gecko (3)]
   935 | D:2      | Reached skill level 1 in Unarmed Combat
  1227 | D:2      | Reached XP level 3. HP: 26/29 MP: 3/3
  1486 | D:2      | Found a faded altar of an unknown god.
  1631 | D:3      | Noticed a centaur
  1645 | D:3      | HP: 3/29 [centaur (7)]
  1646 | D:3      | Slain by a centaur

Vault maps used:
D:1:      eino_arrival_water_cross
D:2:      chequers_ecumenical_altar_lobes

Skill      XL: |  1  2 |
---------------+-------+-----
Maces & Flails | 2 |  2.5
Unarmed Combat | 1 |  1.5
Fighting       | |  3.0
Staves         | |  1.0
Throwing       | |  1.0
Armour         | |  1.3
Dodging        | |  1.0
Evocations     | |  1.0

Action                   || total
-------------------------++-------
Melee: Mace              ||   107
  Use: Scroll            ||     6
  Eat: Chunk             ||     2
Armor: Robe              ||    10
       Ring mail         ||    32
Dodge: Dodged            ||    74

Table legend:
 A = Spawn XP
 B = Non-spawn XP
 C = Spawn XP percentage of total XP
 D = Spawn monster count
 E = Non-spawn monster count
 F = Spawn count percentage of total count
 G = Total turns spent on level
                    A         B        C        D         E        F      G
               +---------+---------+-------+---------+---------+-------+---------
         Total |       0 |      49 |   0.0 |       0 |      28 |   0.0 |  1646
               +---------+---------+-------+---------+---------+-------+---------
           D:1 |       0 |      15 |   0.0 |       0 |       8 |   0.0 |   554
           D:2 |       0 |      32 |   0.0 |       0 |      19 |   0.0 |   998
           D:3 |       0 |       2 |   0.0 |       0 |       1 |   0.0 |    94
               +---------+---------+-------+---------+---------+-------+---------

Table legend:
 A = Turns spent in this place as a percentage of turns spent in the entire game.
 B = Non-inter-level travel turns spent in this place as a percentage of non-inter-level travel turns spent in the entire game.
 C = Inter-level travel turns spent in this place as a percentage of turns spent in this place.
 D = Turns resting spent in this place as a percentage of non-inter-level travel turns spent in this place.
 E = Turns spent auto-exploring this place as a percentage of non-inter-level travel turns spent in this place.
 F = Non-inter-level travel turns spent in this place divided by the number of levels of this place that you've seen.
                   A       B       C       D       E      F
               +-------+-------+-------+-------+-------+----------------------
         Total | 100.0 | 100.0 |   4.9 |  14.6 |  58.4 | 521.7
       Dungeon | 100.0 | 100.0 |   4.9 |  14.6 |  58.4 | 521.7
               +-------+-------+-------+-------+-------+----------------------

Vault maps used:
D:1:      eino_arrival_water_cross
D:2:      chequers_ecumenical_altar_lobes
